 Dungeon Crawl Stone Soup version 0.21.0-3-g78d12a8 (webtiles) character file.

331 wazuzu the Cleaver (level 6, -6/56 HPs)
             Began as a Hill Orc Chaos Knight on Jan 15, 2018.
             Killed by divine providence
             ... invoked by an orc priest
              (12 damage)
             ... on level 3 of the Dungeon.
             The game lasted 00:07:48 (2550 turns).

wazuzu the Cleaver (Hill Orc Chaos Knight)          Turns: 2550, Time: 00:07:49

Health: -6/56      AC:  7    Str: 17    XL:     6   Next: 51%
Magic:  6/6        EV: 11    Int: 12    God:    Xom [..*...]
Gold:   142        SH:  0    Dex: 12    Spells: 5/5 levels left

rFire    + . .     SeeInvis +   a - +1 hand axe (chaos)
rCold    . . .     Gourm    .   (no shield)
rNeg     . . .     Faith    .   b - +3 leather armour
rPois    .         Spirit   .   (helmet restricted)
rElec    .         Reflect  .   (no cloak)
rCorr    .         Harm     .   i - +0 pair of gloves
MR       .....                  (no boots)
Stlth    ++........             (no amulet)
HPRegen  0.00/turn              h - ring of stealth
MPRegen  0.10/turn              j - ring of loudness

@: drained
A: antennae 1, thin skeletal structure 1, see invisible, fire resistance 1,
robust 1, inhibited regeneration, evolution 1
a: Renounce Religion, Convert to Beogh


You were on level 3 of the Dungeon.
You worshipped Xom.
You were a toy of Xom.
You were not hungry.

You visited 1 branch of the dungeon, and saw 3 of its levels.
You also visited: Sewer.

You collected 142 gold pieces.

Inventory:

Hand Weapons
 a - a +1 hand axe of chaos (weapon)
Armour
 b - a +3 leather armour (worn)
 i - a +0 pair of gloves (worn)
Jewellery
 h - a ring of stealth (left hand)
 j - a ring of loudness (right hand)
Wands
 f - a wand of iceblast (13)
Scrolls
 e - 2 scrolls of identify
 g - 2 scrolls of blinking
 k - 2 scrolls of fog
 l - 3 scrolls of teleportation
Potions
 d - 2 potions of haste {unknown}
 m - a potion of curing {unknown}
 n - 2 potions of heal wounds {unknown}
Comestibles
 c - 6 rations


   Skills:
 - Level 3.6(3.4) Fighting
 + Level 9.3(9.2) Axes
 - Level 2.1(2.0) Armour
 - Level 0.7(0.6) Dodging


You had 5 spell levels left.
You didn't know any spells.

Dungeon Overview and Level Annotations

Branches:
Dungeon (3/15)

Altars:
Cheibriados
Uskayaw


Innate Abilities, Weirdness & Mutations

You have a pair of small antennae on your head.
You have a somewhat thin skeletal structure. (Dex +2, Stealth)
You have supernaturally acute eyesight. (SInv)
Your flesh is heat resistant. (rF+)
You are robust. (+10% HP)
You do not regenerate when monsters are visible.
You evolve.


Message History

You hit the wight but do no damage.
Space bends around the wight.
You destroy the wight!
The orc priest looks satisfied for a moment.
The jackal barely misses the orc priest.
The orc priest mumbles some strange prayers to Beogh against you.
Beogh smites you!
* * * LOW HITPOINT WARNING * * *
The orc wizard hits the orc priest with a dagger.
You strike the helpless orc from behind!
You slash the orc!
You kill the orc!
You slash the jackal! You burn the jackal.
You kill the jackal!
The orc priest looks satisfied for a moment.
Unknown command.
The orc priest begins to cast a cantrip, but forgets the words!
The orc priest mumbles some strange prayers to Beogh against you.
Beogh smites you!
You die...
Xom thinks this is hilarious!

#.###### #.# #. ###.### #.
#.....# #. #.#.#.# #. ###
#.#...# .. #%##.## #.###.##
....##.#...########.##...###
....zo))..z@................
#o#....########......###
##..## ###.....## ##...#
#......# .##.# #...#..# .#
.# #...#..# .# # #...#..# ##
#..##..# #..##..#


You could see 2 wights and 2 orc priests.

Vanquished Creatures
  A centaur (D:2)
  3 wights (D:3)
  7 adders
  5 worms
  An orc (D:3)
  2 giant cockroaches
  6 hobgoblins (D:1)
  3 jackals
  6 kobolds
  A quokka (D:2)
  4 ball pythons
  5 bats
  7 frilled lizards
  4 goblins
  8 rats
63 creatures vanquished.

Notes
Turn   | Place    | Note
-------+----------+-------------------------------------------
     0 | D:1      | wazuzu the Hill Orc Chaos Knight began the quest for the Orb.
     0 | D:1      | Reached XP level 1. HP: 19/19 MP: 1/1
   101 | D:1      | Reached XP level 2. HP: 26/26 MP: 2/2
   179 | D:1      | Reached skill level 5 in Axes
   367 | D:1      | XOM: harmless Tloc miscast
   464 | D:1      | XOM: god gift: gnarled jewelled staff {god gift}
   541 | D:1      | XOM: god gift: 2 scrolls labeled ECIM YTIENI {god gift}
   564 | D:1      | Gained mutation: You have supernaturally acute eyesight. (SInv) [potion of mutation]
   564 | D:1      | Gained mutation: You do not regenerate when monsters are visible. [potion of mutation]
   564 | D:1      | Gained mutation: You evolve. [potion of mutation]
   662 | D:1      | XOM: god gift: scroll labeled ELOC LYSHREMOPING {god gift}
   755 | D:2      | Reached XP level 3. HP: 14/31 MP: 3/3
  1106 | D:2      | Reached skill level 6 in Axes
  1108 | D:2      | Noticed a hand axe
  1109 | D:2      | Noticed a dagger
  1112 | D:2      | Found a hide-covered altar of Uskayaw.
  1229 | D:2      | XOM: god gift: gnarled smoking staff {god gift}
  1320 | D:2      | XOM: polymorph jackal -> rat
  1324 | D:2      | Noticed a centaur
  1324 | D:2      | a jackal changed into a centaur
  1333 | D:2      | Killed a centaur
  1333 | D:2      | Reached skill level 7 in Axes
  1333 | D:2      | Reached XP level 4. HP: 5/39 MP: 4/4
  1333 | D:2      | Reached XP level 5. HP: 5/45 MP: 5/5
  1352 | D:2      | XOM: give mutations
  1352 | D:2      | Gained mutation: You have a pair of small antennae on your head. [Xom's grace]
  1352 | D:2      | Gained mutation: Your flesh is heat resistant. (rF+) [Xom's grace]
  1564 | D:2      | XOM: give mutations
  1564 | D:2      | Gained mutation: You have a somewhat thin skeletal structure. (Dex +2, Stealth) [Xom's grace]
  1564 | D:2      | Gained mutation: You are robust. (+10% HP) [Xom's grace]
  1752 | D:2      | Found a snail-covered altar of Cheibriados.
  1827 | D:2      | XOM: harmless Tloc miscast
  1870 | D:2      | XOM: scenery: 1 doors close
  1927 | D:3      | Found a glowing drain.
  2069 | D:3      | XOM: fog
  2086 | Sewer    | Entered a sewer
  2108 | Sewer    | Reached skill level 8 in Axes
  2231 | Sewer    | XOM: god gift: 24 gold pieces
  2255 | Sewer    | XOM: divination: magic mapping
  2540 | D:3      | Reached XP level 6. HP: 41/56 MP: 6/6
  2541 | D:3      | Reached skill level 9 in Axes
  2541 | D:3      | XOM: confuse monster(s)
  2550 | D:3      | Killed from afar by an orc priest

Skill      XL: |  1  2  3  4  5  6 |
---------------+-------------------+-----
Axes           | 5 7 8 9 |  9.3
Fighting       | |  3.6
Armour         | |  2.1
Dodging        | |  0.7

Action                   |  1- 3 |  4- 6 || total
-------------------------+-------+-------++-------
Melee: Hand axe          |   108 |    93 ||   201
  Use: Scroll            |     4 |     5 ||     9
       Potion            |     1 |       ||     1
 Stab: Sleeping          |     1 |       ||     1
       Paralysed         |     3 |       ||     3
       Petrified         |       |     2 ||     2
       Petrifying        |       |     1 ||     1
       Confused          |       |     2 ||     2
  Eat: Chunk             |     1 |     4 ||     5
Armor: Leather armour    |    42 |    20 ||    62
Dodge: Dodged            |    57 |    37 ||    94
